 Dungeon Crawl Stone Soup version 0.27-a0-1416-g941b2bd30b (webtiles) character file.

Game seed: 1911857015681631749

11 trckry the Firebug (level 2, 0/15 HPs)
             Began as a Deep Elf Fire Elementalist on July 1, 2021.
             Succumbed to a kobold's poison
             ... on level 1 of the Dungeon.
             The game lasted 00:01:16 (383 turns).

trckry the Firebug (Deep Elf Fire Elementalist)      Turns: 383, Time: 00:01:17

Health: 0/15       AC:  2    Str:  5    XL:     2   Next: 17%
Magic:  7/8        EV: 12    Int: 19    God:
Gold:   27         SH:  0    Dex: 15    Spells: 6/7 levels left

rFire    . . .     SeeInvis .   b - +1 dagger (elec)
rCold    . . .     Faith    .   (no shield)
rNeg     . . .     Spirit   .   a - +0 robe
rPois    .         Reflect  .   (no helmet)
rElec    .         Harm     .   (no cloak)
rCorr    .         Rampage  .   (no gloves)
Will     .....                  (no boots)
Stlth    ++........             (no amulet)
HPRegen  0.05/turn              (no ring)
MPRegen  0.11/turn              (no ring)

@: lethally poisoned (0 -> -9)
A: no striking features
a: no special abilities


You were on level 1 of the Dungeon.
You visited 1 branch of the dungeon, and saw 1 of its levels.

You collected 27 gold pieces.

Inventory:

Hand Weapons
 b - a +1 dagger of electrocution (weapon)
Armour
 a - a +0 robe (worn)


   Skills:
 - Level 2.4 Dodging
 - Level 2.4 Stealth
 - Level 3.0 Spellcasting
 * Level 1.9 Conjurations
 * Level 3.7 Fire Magic


You had 6 spell levels left.
You knew the following spells:

 Your Spells              Type           Power      Damage    Failure   Level
a - Foxfire               Conj/Fire      52%        2x1d6     4%          1

Your spell library contained the following spells:

 Spells                   Type           Power      Damage    Failure   Level
 Conjure Flame            Conj/Fire      13%        6-21      14%         3
 Inner Flame              Hex/Fire       9%         N/A       22%         3
 Sticky Flame             Conj/Fire      13%        2d4       43%         4
 Fireball                 Conj/Fire      6%         3d5       78%         5


Dungeon Overview and Level Annotations

Branches:
Dungeon (1/15)

Altars:


Message History

You are very lightly contaminated with residual magic.
Nothing appears to happen.
The foxfire hits the quokka.
The quokka is severely wounded.
You now have 6/8 mp.
The foxfire hits the quokka.
You kill the quokka!
Your magical contamination has completely faded away.
There is an open door here.
There is an open door here.
A giant cockroach comes into view.
Found 33 stones.
Found a stone staircase leading down.
MP restored: 8 The helpless giant cockroach fails to defend itself.
You puncture the giant cockroach!
You kill the giant cockroach!
There is an open door here.
A kobold comes into view. It is wielding a +0 dagger of venom.
The kobold shouts!
You closely miss the kobold.
The kobold hits you with a +0 dagger of venom.
You are poisoned.
You take 1 damage, and have 14/15 hp.
You closely miss the kobold.
You feel sick.
A giant cockroach comes into view.
The kobold closely misses you.
You take 2 damage, and have 12/15 hp.
You hit the kobold but do no damage.
You feel sick.
The kobold hits you with a +0 dagger of venom.
You are lethally poisoned!
You take 4 damage, and have 8/15 hp.
MASSIVE DAMAGE!!
You feel very sick.
You take 3 damage, and have 5/15 hp.
* * * LOW HITPOINT WARNING * * *
You feel very sick.
You take 3 damage, and have 2/15 hp.
You aren't carrying any potions.
Casting: Foxfire (safe; 4% risk of failure)
Confirm with . or Enter, or press ? or * to list all spells.
You conjure some foxfire!
You die...

............##..........#......#
######......##.#.######.#....###
#......##.#.# #.#....#
#......##.#.# ###....#
########'#####.#.# +.^..#
.........# #.#.# #....#
########## #.#.# .).... #.#v#
#...... #####.#@## #.#####
......vK.# #####.#.B# #....#
#.#..' ...#.##. #.. ..# ..
####### .. ##.


You could see a giant cockroach and a kobold (ally target).

Vanquished Creatures
  2 bats (D:1)
  2 endoplasms (D:1)
  A giant cockroach (D:1)
  A hobgoblin (D:1)
  A kobold (D:1)
  A quokka (D:1)
  A ball python (D:1)
9 creatures vanquished.

Vanquished Creatures (others)
  14 foxfires (D:1)
14 creatures vanquished.

Grand Total: 23 creatures vanquished

Notes
Turn   | Place    | Note
-------+----------+-------------------------------------------
     0 | D:1      | trckry the Deep Elf Fire Elementalist began the quest for
                  | the Orb.
     0 | D:1      | Reached XP level 1. HP: 10/10 MP: 6/6
   148 | D:1      | Reached XP level 2. HP: 12/15 MP: 5/8
   382 | D:1      | HP: 2/15 [poisoned by a kobold]
   383 | D:1      | Succumbed to a kobold's poison

Illustrated notes

Levels and vault maps discovered:
D:1:      lemuel_arrival_cross, layout_basic

Action                   || total
-------------------------++-------
Melee: Dagger            ||     7
 Cast: Foxfire           ||    10
 Stab: Sleeping          ||     1
Armor: Robe              ||     1
Dodge: Dodged            ||     2

Table legend: (Time is in decaauts)
 A = Elapsed time spent in this place.
 B = Non-inter-level travel time spent in this place.
 C = Inter-level travel time spent in this place.
 D = Time resting spent in this place.
 E = Time spent auto-exploring this place.
 F = Levels seen in this place.
 G = Mean time per level.
                   A        B        C        D        E       F      G
               +--------+--------+--------+--------+--------+-----+--------+
         Total |    382 |    382 |      0 |      0 |    314 |   1 |  382.0 |
       Dungeon |    382 |    382 |      0 |      0 |    314 |   1 |  382.0 |
               +--------+--------+--------+--------+--------+-----+--------+

Top non-repeatable levels by time:
     D:1: 382 daAuts
